 Dungeon Crawl Stone Soup version 0.29.1-15-g9cfb28693d (webtiles) character file.

Game seed: 2020624150698287288

51 LustLizard the Firebug (level 3, -7/28 HPs)
             Began as a Hill Orc Fire Elementalist on Mar 31, 2023.
             Mangled by a gnoll
             ... wielding a +0 flail
              (10 damage)
             ... on level 2 of the Dungeon.
             The game lasted 00:02:18 (1158 turns).

LustLizard the Firebug (Hill Orc Fire Elementalist) Turns: 1158, Time: 00:02:19

Health: -7/28      AC:  4    Str: 12    XL:     3   Next: 83%
Magic:  5/5        EV: 12    Int: 15    God:
Gold:   30         SH:  0    Dex: 11    Spells: 2/5 levels left

rFire   . . .      SeeInvis .   i - +4 trident
rCold   . . .      Faith    .   (no shield)
rNeg    . . .      Spirit   .   a - +0 robe
rPois   .          Reflect  .   h - +0 helmet
rElec   .          Harm     .   (no cloak)
rCorr   .          Rampage  .   q - +0 pair of gloves
Will    .....                   (no boots)
Stlth   ++........              k - amulet of magic regeneration
HPRegen 0.09/turn               (no ring)
MPRegen 0.49/turn               (no ring)

@: no status effects
A: no striking features
a: no special abilities


You were on level 2 of the Dungeon.
You visited 1 branch of the dungeon, and saw 2 of its levels.

You collected 30 gold pieces.

Inventory:

Hand Weapons
 f - a +0 short sword
 i - a +4 trident (weapon)
Armour
 a - a +0 robe (worn)
 h - a +0 helmet (worn)
 q - a +0 pair of gloves (worn)
Jewellery
 k - an amulet of magic regeneration (around neck)
Scrolls
 g - a scroll of enchant armour {unknown}
 j - 3 scrolls of identify {unknown}
 l - 3 scrolls of teleportation {unknown}
 m - a scroll of magic mapping {unknown}
 n - a scroll of brand weapon {unknown}
 o - a scroll of vulnerability {unknown}
 p - a scroll of immolation {unknown}
Potions
 b - a potion of magic
 c - 2 potions of brilliance {unknown}
 d - a potion of invisibility {unknown}
 e - a potion of curing {unknown}
 r - a potion of degeneration {unknown}


   Skills:
 + Level 1.2 Fighting
 - Level 1.5 Dodging
 - Level 1.5 Stealth
 + Level 1.9 Spellcasting
 * Level 2.1 Conjurations
 * Level 4.0 Fire Magic


You had 2 spell levels left.
You knew the following spells:

 Your Spells              Type           Power      Damage    Failure   Level
a - Foxfire               Conj/Fire      40%        2x1d6     6%          1
b - Scorch                Fire           26%        2d6       6%          2

Your spell library contained the following spells:

 Spells                   Type           Power      Damage    Failure   Level
 Conjure Flame            Conj/Fire      10%        6-21      19%         3
 Inner Flame              Hex/Fire       7%         N/A       28%         3
 Flame Wave               Conj/Fire      10%        2d6       54%         4
 Gell's Gravitas          Tloc           1%         N/A       56%         3
 Lesser Beckoning         Tloc           1%         N/A       56%         3
 Portal Projectile        Hex/Tloc       2%         N/A       56%         3
 Teleport Other           Tloc           1%         N/A       56%         3
 Tukima's Dance           Hex            1%         N/A       56%         3
 Blade Hands              Tmut           0%         N/A       99%         5


Dungeon Overview and Level Annotations

Branches:
Dungeon (2/15)

Altars:


Message History

You hit the gnoll.
You kill the gnoll!
Your Conjurations skill increases to level 2!
You conjure some foxfire!
You conjure some foxfire!
The foxfire hits the gnoll.
The gnoll is moderately wounded.
The foxfire hits the gnoll but does no damage.
The gnoll is moderately wounded.
You conjure some foxfire!
The foxfire hits the gnoll.
The gnoll is heavily wounded.
The foxfire hits the gnoll.
The gnoll is severely wounded.
The gnoll closely misses you.
Unknown command.
You reach to attack!
You puncture the gnoll!
You kill the gnoll!
The foxfire hits the gnoll.
The gnoll is heavily wounded.
The foxfire hits the gnoll.
The gnoll is heavily wounded.
Your Fire Magic skill increases to level 4!
You reach to attack!
You hit the gnoll.
The gnoll is severely wounded.
You barely miss the gnoll.
The gnoll is severely wounded.
The gnoll hits you with a +0 flail! The gnoll hits you but does no damage.
You are too injured to fight recklessly!
You barely miss the gnoll.
The gnoll is severely wounded.
The gnoll barely misses you.
You hit the gnoll but do no damage.
The gnoll is severely wounded.
The gnoll hits you with a +0 flail.
* * * LOW HITPOINT WARNING * * *
You closely miss the gnoll.
The gnoll is severely wounded.
The gnoll hits you with a +0 flail.
* * * LOW HITPOINT WARNING * * *
The gnoll closely misses you. The gnoll hits you with a +0 flail!
You die...

.....#.##...#.§§(.≈§.###.........
...###.##...'.....)..)...........
....##.##...'........'.#.........
....##.##...#.≈≈..≈≈.#......##...
....'..##...#.≈≈..≈≈.##...<..+...
....#####...#........##.#....#...
............####''#####.#..#.#...
#######.....#.....# #.....#.#.##
.# #.....#..g@.# #..#..#..... .#
#######..g..# #..#..##.### .#
#.....# ....#.......#
.############.....+.)##....#.....
........g.........### #.†.......#
####.....#####+#..## #.........#
##'##.####......# .......#...#
#.......)..>###.##............
#......###'## .............##


You could see 2 gnolls.

Vanquished Creatures
  2 gnolls (D:2)
  An adder (D:2)
  A worm (D:2)
  2 endoplasms
  3 goblins
  2 hobgoblins
  A quokka (D:2)
  A ball python (D:2)
  3 bats (D:2)
  3 kobolds
  2 rats (D:1)
21 creatures vanquished.

Vanquished Creatures (others)
  52 foxfires
52 creatures vanquished.

Grand Total: 73 creatures vanquished

Notes
Turn   | Place    | Note
-------+----------+-------------------------------------------
     0 | D:1      | LustLizard the Hill Orc Fire Elementalist began the quest
                  | for the Orb.
     0 | D:1      | Reached XP level 1. HP: 14/14 MP: 3/3
   114 | D:1      | Found a faded altar of an unknown god.
   571 | D:1      | Reached XP level 2. HP: 19/22 MP: 4/4
   778 | D:2      | Learned a level 2 spell: Scorch
   795 | D:2      | Identified the +7 long sword of Ru's Hatred {antimagic,
                  | *Slow +Blink rN+ Int+2}
   945 | D:2      | Reached skill level 1 in Fighting
   945 | D:2      | Reached XP level 3. HP: 27/28 MP: 5/5
  1136 | D:2      | Reached skill level 4 in Fire Magic
  1158 | D:2      | Mangled by a gnoll

Illustrated notes

Levels and vault maps discovered:
D:1:      beargit_arrival_greenhouse, layout_loops_ring,
          chequers_ecumenical_altar_grove
D:2:      layout_basic, kennysheep_nondescript, kennysheep_generic_room_5

Skill      XL: |  1  2  3 |
---------------+----------+-----
Fighting       | 1 |  1.2
Conjurations   | 2 |  2.1
Fire Magic     | 4 |  4.0
Dodging        | |  1.5
Stealth        | |  1.5
Spellcasting   | |  1.9

Action                   || total
-------------------------++-------
Melee: Trident           ||    30
 Cast: Foxfire           ||    28
 Stab: Sleeping          ||     2
Armor: Robe              ||     7
Dodge: Dodged            ||    19
